 Dungeon Crawl Stone Soup version 0.25.1-2-g60ff931df9 (webtiles) character file.

Game seed: 6018729855288020305

819 hawla the Ducker (level 7, -9/61 HPs)
             Began as a Minotaur Fighter on Oct 23, 2020.
             Mangled by an orc warrior
             ... wielding a +0 trident
              (12 damage)
             ... on level 7 of the Dungeon.
             The game lasted 00:16:01 (6191 turns).

hawla the Ducker (Minotaur Fighter)                 Turns: 6191, Time: 00:16:02

Health: -9/61      AC: 11    Str: 22    XL:     7   Next: 63%
Magic:  2/6        EV: 10    Int:  5    God:
Gold:   182        SH:  0    Dex: 10    Spells: 6/6 levels left

rFire    + . .     SeeInvis +   a - +0 long sword
rCold    + . .     Gourm    .   (no shield)
rNeg     . . .     Faith    .   y - +2 chain mail {MR+}
rPois    +         Spirit   .   (helmet restricted)
rElec    +         Reflect  .   (no cloak)
rCorr    +         Harm     .   (no gloves)
MR       +....                  (no boots)
Stlth    ..........             (no amulet)
HPRegen  0.20/turn              C - ring of see invisible
MPRegen  0.10/turn              (no ring)

@: resistant, flying, very slightly contaminated, invisible
A: retaliatory headbutt, horns 2
a: no special abilities


You were on level 7 of the Dungeon.
You were not hungry.

You visited 1 branch of the dungeon, and saw 7 of its levels.

You collected 362 gold pieces.
You spent 180 gold pieces at shops.

Inventory:

Hand Weapons
 a - a +0 long sword (weapon)
 j - a +3 dagger of protection
 k - a +1 short sword of holy wrath
 E - the +3 flail of Vamean Lixt {antimagic, rN+ Dex+2}
   (You found it on level 5 of the Dungeon)

   It reduces the magical energy of the wielder, and disrupts the spells and
   magical abilities of those hit.
   Natural abilities and divine invocations are not affected.
   It affects your dexterity (+2).
   It protects you from negative energy.
Missiles
 q - 33 poisoned darts
 u - 7 boomerangs (quivered)
Armour
 b - a +0 scale mail
 l - a +0 leather armour
 x - a +0 ring mail
 y - a +2 chain mail of magic resistance (worn)
 A - a +2 robe of fire resistance
Jewellery
 o - an uncursed ring of ice
 C - a ring of see invisible (left hand)
Scrolls
 c - a scroll of random uselessness {unknown}
 e - 2 scrolls of remove curse
 m - 2 scrolls of identify
 s - 3 scrolls of fear
 t - a scroll of enchant weapon
 F - a scroll of magic mapping {unknown}
Potions
 d - 4 potions of might
 g - 2 potions of haste
 h - a potion of flight
 i - a potion of resistance
 n - a potion of heal wounds {unknown}
 p - a potion of degeneration {unknown}
 v - 3 potions of curing {unknown}
 w - a potion of stabbing
 z - 2 potions of berserk rage {unknown}
 B - a potion of ambrosia {unknown}
Comestibles
 f - 12 rations


   Skills:
 + Level 5.1 Fighting
 + Level 2.9(3.9) Short Blades
 + Level 4.2(4.7) Long Blades
 + Level 0.6 Maces & Flails
 + Level 1.1 Throwing
 + Level 4.6 Armour
 * Level 5.2 Dodging
 + Level 3.0 Stealth
   Level 3.6 Shields


You had 6 spell levels left.
You didn't know any spells.
Your spell library was empty.

Dungeon Overview and Level Annotations

Branches:
Dungeon (7/15)
 Temple: D:4-7

Altars:
Cheibriados
Elyvilon
Qazlal
Sif Muna
Xom

Shops:
D:5 =

Annotations:
D:6 Menkaure


Innate Abilities, Weirdness & Mutations

You reflexively headbutt those who attack you in melee.
You have a pair of horns on your head.


Message History

You fade into invisibility!
The orc warrior closely misses you. The orc priest barely misses you.
You furiously retaliate!
You headbutt the orc priest.
The iguana bites you but does no damage.
The orc hits you but does no damage.
You are very lightly contaminated with residual magic.
It was a potion of flight.
You feel very buoyant.
You fly up into the air.
The orc closely misses you. You furiously retaliate!
You headbutt the orc!
You kill the orc!
The orc warrior hits you but does no damage.
The orc priest closely misses you. The iguana bites you!
* * * LOW HITPOINT WARNING * * *
The orc hits you with a +0 club.
* * * LOW HITPOINT WARNING * * *
It was a potion of resistance.
You feel protected.
The orc warrior hits you from afar with a +0 trident!
You die...

. #.# #.#####..
##.#.....
..#.#.. .....
... #l# #@#
......oo)..#
#.....#o.......
###############


You could see an orc warrior, an iguana, an orc priest and an orc.

Vanquished Creatures
  Sigmund (D:2)
  An ogre (D:5)
  2 howler monkeys
  A bullfrog skeleton (D:5)
  A hound (D:5)
  Terence (D:3)
  4 worker ants
  3 orc wizards
  10 adders
  2 oozes
  An adder zombie (D:5)
  2 worms (D:3)
  An adder skeleton (D:5)
  A dart slug (D:3)
  3 leopard geckos
  21 orcs
  A ball python (D:2)
  5 bats
  4 giant cockroaches
  10 goblins
  8 hobgoblins
  15 jackals
  4 quokkas
  12 frilled lizards
  5 kobolds
  A leopard gecko skeleton (D:5)
  13 rats
133 creatures vanquished.

Notes
Turn   | Place    | Note
-------+----------+-------------------------------------------
     0 | D:1      | hawla the Minotaur Fighter began the quest for the Orb.
     0 | D:1      | Reached XP level 1. HP: 19/19 MP: 0/0
   108 | D:1      | Reached XP level 2. HP: 23/27 MP: 1/1
   212 | D:1      | Reached skill level 1 in Dodging
   500 | D:1      | Reached XP level 3. HP: 33/33 MP: 2/2
  1048 | D:2      | Reached skill level 1 in Stealth
  1372 | D:2      | You fall into a shaft and drop 2 floors!
  1416 | D:4      | Reached XP level 4. HP: 35/40 MP: 3/3
  1825 | D:2      | Reached skill level 1 in Short Blades
  1955 | D:2      | Noticed Sigmund
  1969 | D:2      | Killed Sigmund
  1969 | D:2      | Reached XP level 5. HP: 44/47 MP: 4/4
  2077 | D:2      | Reached XP level 6. HP: 44/53 MP: 5/5
  2659 | D:3      | Noticed Terence
  2672 | D:3      | Killed Terence
  2861 | D:3      | Reached skill level 1 in Throwing
  3368 | D:3      | Found a faded altar of an unknown god.
  3368 | D:3      | Found a white marble altar of Elyvilon.
  3382 | D:3      | Found a faded altar of an unknown god.
  3384 | D:3      | Found a shimmering blue altar of Sif Muna.
  3385 | D:3      | Found a snail-covered altar of Cheibriados.
  4333 | D:4      | Reached XP level 7. HP: 29/60 MP: 6/6
  4789 | D:5      | Entered Level 5 of the Dungeon
  4819 | D:5      | Found Ebiusoro's Jewellery Shop.
  4852 | D:5      | Bought an uncursed ring of see invisible for 180 gold
                  | pieces
  4916 | D:5      | Reached skill level 5 in Fighting
  5323 | D:5      | Got an encrusted flail
  5324 | D:5      | Identified the +3 flail of Vamean Lixt {antimagic, rN+
                  | Dex+2} (You found it on level 5 of the Dungeon)
  5529 | D:5      | Found a shimmering altar of Xom.
  5590 | D:5      | Reached skill level 5 in Dodging
  6164 | D:6      | Noticed Menkaure
  6183 | D:6      | Found a stormy altar of Qazlal.
  6190 | D:7      | HP: 3/61 [iguana (8)]
  6191 | D:7      | Mangled by an orc warrior

Illustrated notes

Levels and vault maps discovered:
D:1:      minmay_arrival_nine_rooms, layout_loops_ring, supply_closet_lemuel,
          minmay_pentomino_w2
D:2:      layout_loops_corners, first_ration, uniq_sigmund
D:3:      layout_loops_corners, chequers_temple_overflow_minitemple,
          kennysheep_nondescript, lemuel_old_faithful, uniq_terence
D:4:      layout_gridville, serial_glass, glass_columns_c, glass_columns_a,
          glass_columns_c, glass_columns_b
D:5:      layout_loops_ring, lemuel_coloured_pillars_altar, serial_shops,
          nicolae_shop_temple_entry_statues_fountains, moated_statue
D:6:      layout_basic, nicolae_qazlal_general_emergency,
          minmay_temple_entry_antechambers, uniq_menkaure
D:7:      layout_loops_ring, nicolae_gozag_cash_rules_everything_around_me,
          okawaru_ov_weapons_minmay, basic_altar

Skill      XL: |  1  2  3  4  5  6  7 |
---------------+----------------------+-----
Dodging        | 1 3 4 5 |  5.2
Armour         | 4 |  4.6
Fighting       | 4 5 |  5.1
Long Blades    | 3 4 |  4.2
Stealth        | 1 2 3 |  3.0
Short Blades   | 2 |  2.9
Throwing       | 1 |  1.1
Maces & Flails | |  0.6
Shields        | |  3.6

Action                   |  1- 3 |  4- 6 |  7- 9 || total
-------------------------+-------+-------+-------++-------
Melee: Long sword        |    28 |    89 |    23 ||   140
       Headbutt          |    13 |    27 |    12 ||    52
       Dagger            |    43 |    61 |       ||   104
       Short sword       |    21 |       |       ||    21
       Flail             |       |       |    27 ||    27
Throw: Dart              |       |    15 |     1 ||    16
       Boomerang         |       |       |     1 ||     1
  Use: Scroll            |     4 |     3 |       ||     7
       Potion            |       |       |     3 ||     3
 Stab: Sleeping          |       |     4 |     3 ||     7
  Eat: Chunk             |     2 |     5 |     1 ||     8
       Ration            |       |     1 |     2 ||     3
Armor: Scale mail        |    30 |       |       ||    30
       Robe              |    13 |    28 |       ||    41
       Leather armour    |       |     5 |     9 ||    14
       Chain mail        |       |       |     7 ||     7
Dodge: Dodged            |    71 |   115 |    50 ||   236
       Rpst.: Long sword |     7 |    24 |     6 ||    37
